 Dungeon Crawl Stone Soup version 0.31-a0-4-gefa6de2278 (webtiles) character file.

Game seed: 6239088616201938699

55 vineage the Trooper (level 3, -2/26 HPs)
             Began as a Gargoyle Fighter on May 3, 2023.
             Slain by Sigmund
             ... wielding a +0 scythe
              (10 damage)
             ... on level 2 of the Dungeon.
             The game lasted 00:01:58 (1124 turns).

vineage the Trooper (Gargoyle Fighter)              Turns: 1124, Time: 00:01:59

Health: -2/26      AC: 10    Str: 21    XL:     3   Next: 93%
Magic:  3/3        EV:  9    Int:  8    God:
Gold:   71         SH:  0    Dex:  9    Spells: 2/2 levels left

rFire   . . .        a - +0 flail
rCold   . . .        c - +0 buckler
rNeg    + . .        b - +0 scale mail
rPois   ∞            (no helmet)
rElec   +            (no cloak)
rCorr   .            (no gloves)
SInv    .            (no boots)
Will    .....        (no amulet) Stlth
                     (no ring)
HPRegen 0.24/turn    (no ring)
MPRegen 0.08/turn

%: no passive effects
@: confused, mighty
A: sickness immunity, AC +3, negative energy resistance 1, electricity
resistance, torment resistance 1, petrification resistance
a: no special abilities


You were on level 2 of the Dungeon.
You visited 1 branch of the dungeon, and saw 2 of its levels.

You collected 71 gold pieces.

Inventory:

Hand Weapons
 a - a +0 flail (weapon)
Armour
 b - a +0 scale mail (worn)
 c - a +0 buckler (worn)
Scrolls
 e - 4 scrolls of teleportation {unknown}
 f - a scroll of poison {unknown}
 g - a scroll of fear
 h - a scroll of vulnerability {unknown}
Potions
 d - a potion of might
 j - 2 potions of curing


   Skills:
 + Level 5.2 Fighting
 - Level 2.0 Maces & Flails
 - Level 3.2 Armour
 - Level 3.2 Shields


You had 2 spell levels left.
You didn't know any spells.
Your spell library contained the following spells:

 Spells                   Type           Power      Damage    Failure   Level
 Slow                     Hex            0%         N/A       82%         1
 Confusing Touch          Hex            0%         N/A       99%         3
 Ignite Poison            Fire/Tmut/Pois 0%         N/A       99%         3
 Vampiric Draining        Necr           0%         2d6       99%         3
 Sticky Flame             Conj/Fire      0%         2d3       100%        4
 Ignition                 Fire           0%         3d3       100%        8


Dungeon Overview and Level Annotations

Branches:
Dungeon (2/15)

Altars:
Wu Jian

Annotations:
D:2 Sigmund


Innate Abilities, Weirdness & Mutations

You are immune to sickness and miasma.
Your stone body is resilient. (AC +3)
You are immune to poison.
You resist negative energy. (rN+)
You are resistant to electric shocks. (rElec)
You are resistant to unholy torment.
You are immune to petrification.


Message History

No target in view!
No target in view!
No target in view!
You hear a zap.
You hear a grinding noise.
Sigmund the Dreaded comes into view.
He is wielding a +0 scythe and carrying a wand of digging (4).
Sigmund is nearby!
Sigmund is nearby!
Sigmund mumbles some strange words.
Sigmund flickers and vanishes!
Deactivating autopickup; reactivate with Ctrl-A.
No target in view!
No target in view!
No target in view!
No target in view!
No target in view!
No target in view!
No target in view!
You feel very mighty all of a sudden.
A magic dart appears from out of thin air!
The magic dart hits you but does no damage.
You hear some strange, mumbled words.
Something tries to affect you, but you resist.
Something hits you but does no damage.
You closely miss something. Something hits you!
You sock something!
You hear some strange, mumbled words.
A magic dart appears from out of thin air!
The magic dart hits you.
You barely miss something. Something hits you.
* * * LOW HITPOINT WARNING * * *
You sock something!
You hear some strange, mumbled words.
You are confused.
You bump into the rock wall.
Something completely misses you.
You bump into the rock wall.
You completely miss something.
You hear some strange, mumbled words.
You are more confused.
Something hits you!
You die...

#.# #...........### #
##.#####.............#
#
.........#####.#.###.#
# .#.#####.# #†#.#
.).. # .#.#...#.#
#.#.###.##. ...# #
.#..###..# #..........
...# # .#.## ##.#
###.#....#. ..# # .#.#
#.# #.#.#.## # #.# #
...# #.. #@# . #
#.###.### #.#.# .##.
#{# .. #.#........
#.#>.. # .# #..
............. #.#.#.#
# #... .##.#.###.###
#.#.#.# ....# #<#
#.#.# # ....# #.#
#.... ....# #.# ###
.....# ..# ###


There were no monsters in sight!

Vanquished Creatures
  A dart slug (D:1)
  3 endoplasms (D:1)
  3 giant cockroaches (D:1)
  3 goblins (D:1)
  6 hobgoblins
  8 jackals (D:1)
  3 quokkas
  4 ball pythons
  3 bats
  3 frilled lizards (D:2)
  4 kobolds
  5 rats
46 creatures vanquished.

Vanquished Creatures (others)
  A plant (D:1)
1 creature vanquished.

Grand Total: 47 creatures vanquished

Notes
Turn   | Place    | Note
-------+----------+-------------------------------------------
     0 | D:1      | vineage the Gargoyle Fighter began the quest for the Orb.
     0 | D:1      | Reached XP level 1. HP: 14/14 MP: 1/1
    95 | D:1      | Reached XP level 2. HP: 14/20 MP: 2/2
   186 | D:1      | Reached skill level 4 in Fighting
   310 | D:1      | Found a faded altar of an unknown god.
   344 | D:1      | Reached XP level 3. HP: 15/24 MP: 3/3
   808 | D:2      | Reached skill level 5 in Fighting
  1009 | D:2      | Found an ornate altar of the Wu Jian Council.
  1112 | D:2      | Noticed Sigmund
  1124 | D:2      | Slain by Sigmund

Illustrated notes

Levels and vault maps discovered:
D:1:      minmay_arrival_solitary_statue, layout_basic,
          dreamdust_ecumenical_altar_grove
D:2:      layout_loops_ring, basic_altar, uniq_sigmund

Skill      XL: |  1  2  3 |
---------------+----------+-----
Fighting       | 4 5 |  5.2
Maces & Flails | |  2.0
Armour         | |  3.2
Shields        | |  3.2

Action                     || total
---------------------------++-------
  Melee: Flail             ||   169
    Use: Scroll            ||     6
         Potion            ||     1
 Armour: Scale mail        ||   133
  Dodge: Dodged            ||   125
  Block: Buckler           ||    42

Table legend: (Time is in decaauts)
 A = Elapsed time spent in this place.
 B = Non-inter-level travel time spent in this place.
 C = Inter-level travel time spent in this place.
 D = Time resting spent in this place.
 E = Time spent auto-exploring this place.
 F = Levels seen in this place.
 G = Mean time per level.
                   A        B        C        D        E       F      G
               +--------+--------+--------+--------+--------+-----+--------+
         Total |   1178 |   1163 |     15 |    130 |    663 |   2 |  589.0 |
       Dungeon |   1178 |   1163 |     15 |    130 |    663 |   2 |  589.0 |
               +--------+--------+--------+--------+--------+-----+--------+

Top non-repeatable levels by time:
     D:1: 827 daAuts
     D:2: 350 daAuts
